Map: King Sejong Station LE

Players

LittleAJ - Winner!

  • Race: Zerg Zerg
  • League: Platinum

blackxored

  • Race: Zerg Zerg
  • League: Diamond

VOD

Have the link to the VOD?

Description

Time

  • Played on: June 19, 2016, 4:44 p.m.
  • Length: 19:49
Show
View Real Time Build Order
Export as new Build Order

LittleAJ Zerg - Winner!

Build Orders: Hatch First 

Get SALT Encoding   

  12  0:01  Drone  
  13  0:17  Overlord  
  13  0:21  Drone  
  14  0:36  Drone x2  
  14  0:39  Drone  
  17  0:57  Hatchery  
  17  0:59  Extractor  
  17  1:03  Drone  
  16  1:19  Spawning Pool  
  16  1:24  Drone x3  
  18  1:36  Drone  
  19  1:49  Overlord  
  19  2:06  Metabolic Boost  
  19  2:07  Queen  
  21  2:10  Queen  
  21  2:13  Zergling x4  
  25  2:18  Drone  
  25  2:21  Drone  
  27  2:23  Drone  
  28  2:30  Zergling x2  
  28  2:33  Zergling x2  
  30  2:39  Baneling Nest  
  30  2:43  Zergling x2  
  30  2:49  Zergling x2  
  31  2:53  Zergling x4  
  32  3:06  Zergling x4  
  32  3:12  Zergling x2  
  35  3:14  Zergling x2  
  36  3:25  Spine Crawler  
  35  3:28  Zergling x2  
  35  3:29  Zergling x2, Spine Crawler  
  35  3:31  Overlord x2  
  33  3:46  Zergling x6  
  32  3:58  Zergling x2  
  32  3:59  Zergling x8  
  34  4:14  Drone x4  
  34  4:15  Drone  
  30  4:45  Zergling x18  
  37  4:50  Baneling x2  
  37  4:52  Baneling x2  
  38  4:53  Baneling  
  38  5:04  Zergling x8  
  37  5:24  Zergling x6  
  38  5:43  Zergling x8  
  38  5:44  Zergling x8  
  32  6:13  Spine Crawler  
  32  6:16  Evolution Chamber  
  30  6:18  Spine Crawler  
  30  6:24  Drone  
  30  6:25  Drone x4  
  33  6:26  Drone x3  
  33  6:28  Evolution Chamber  
  36  6:41  Spine Crawler  
  36  6:45  Lair  
  35  6:47  Drone  
  35  6:50  Drone  
  37  6:56  Drone x2  
  39  7:08  Spine Crawler  
  38  7:16  Overlord x2  
  38  7:21  Zergling x10  
  42  7:39  Zergling x6  
  42  7:40  Zergling x8  
  31  7:53  Zergling x6  
  31  7:54  Zergling x2  
  34  8:11  Spire  
  33  8:14  Baneling x3  
  33  8:17  Baneling  
  33  8:33  Drone x3  
  36  8:45  Spine Crawler, Evolution Chamber  
  36  8:48  Spine Crawler  
  33  9:07  Extractor, Drone x2  
  33  9:08  Drone  
  35  9:22  Mutalisk x3  
  41  9:34  Mutalisk  
  41  9:52  Mutalisk  
  43  9:59  Extractor  
  42  10:00  Extractor  
  42  10:04  Spine Crawler  
  39  10:17  Mutalisk  
  29  10:47  Mutalisk  
  29  10:48  Mutalisk  
  31  10:51  Drone  
  31  10:52  Drone x7  
  39  11:03  Queen  
  41  11:04  Drone  
  41  11:08  Hatchery  
  41  11:12  Zerg Flyer Weapons Level 1  
  41  11:16  Drone  
  42  11:41  Drone x2  
  42  11:42  Drone x2  
  42  11:43  Drone  
  47  11:52  Mutalisk x2  
  51  12:08  Overlord x2  
  51  12:20  Mutalisk  
  51  12:21  Mutalisk x2  
  55  12:40  Mutalisk x2  
  59  12:47  Spore Crawler x2, Mutalisk  
  59  13:05  Mutalisk x2  
  63  13:14  Mutalisk  
  63  13:25  Drone x4  
  63  13:26  Drone x5  
  72  13:37  Overlord x2  
  72  13:40  Extractor  
  71  13:44  Extractor  
  70  13:59  Mutalisk x3  
  70  14:00  Mutalisk  
  76  14:13  Mutalisk  
  76  14:14  Mutalisk  
  71  14:24  Mutalisk  
  71  14:40  Mutalisk  
  73  14:53  Mutalisk  
  75  15:23  Mutalisk x3  
  81  15:52  Mutalisk  
  81  15:55  Overlord x2  
  59  17:06  Mutalisk  
  59  17:07  Mutalisk x6  
  73  17:18  Mutalisk  
  75  17:37  Mutalisk  
  77  17:50  Mutalisk  
Show
View Real Time Build Order
Export as new Build Order

blackxored Zerg 

Build Orders: Pool First, Zergling Baneling 

Get SALT Encoding   

  12  0:02  Drone  
  13  0:13  Drone  
  14  0:19  Overlord  
  14  0:32  Extractor, Drone  
  15  0:40  Drone x2  
  17  0:47  Spawning Pool  
  16  0:50  Extractor  
  16  0:52  Drone  
  16  1:04  Drone  
  16  1:08  Drone  
  18  1:18  Overlord  
  18  1:29  Drone  
  19  1:34  Queen  
  21  1:40  Zergling x2  
  22  1:51  Zergling x2  
  23  2:00  Metabolic Boost  
  23  2:03  Zergling x2  
  23  2:04  Hatchery  
  23  2:11  Drone  
  24  2:28  Drone  
  24  2:29  Baneling Nest  
  24  2:33  Zergling x2  
  25  2:42  Queen  
  27  2:45  Zergling x6  
  27  2:49  Overlord  
  27  3:10  Zergling x2  
  27  3:11  Zergling x2  
  29  3:15  Baneling x2  
  29  3:16  Baneling  
  29  3:22  Zergling x8  
  33  3:33  Zergling x2  
  33  3:34  Zergling x2  
  35  3:36  Overlord  
  34  3:44  Zergling x2  
  34  3:51  Baneling x2  
  34  3:55  Zergling x10  
  35  4:01  Zergling x4  
  35  4:11  Zergling x4  
  35  4:12  Zergling x2  
  38  4:21  Zergling x4  
  38  4:29  Zergling x4  
  34  4:41  Zergling x4  
  34  4:42  Baneling x4  
  36  4:49  Zergling x4  
  36  5:08  Zergling x2  
  36  5:09  Zergling x14  
  41  5:25  Zergling x6  
  41  5:29  Baneling x5  
  41  5:31  Zergling x8  
  43  5:49  Baneling x2  
  42  5:50  Baneling x2  
  42  5:51  Zergling x8  
  43  6:15  Zergling x10  
  48  6:23  Drone  
  49  6:38  Drone  
  49  6:39  Drone x2  
  52  6:44  Overlord  
  52  6:54  Baneling x6  
  52  6:55  Baneling x2  
  47  7:21  Baneling x4  
  32  7:49  Zergling x2  
  32  7:50  Zergling x26  
  41  8:08  Baneling x2  
  41  8:09  Baneling, Drone x2  
  41  8:10  Drone  
  44  8:13  Lair  
  44  8:15  Drone  
  44  8:19  Baneling  
  45  8:20  Baneling x2  
  45  8:27  Zergling x4  
  47  8:34  Drone  
  47  8:35  Drone x4  
  47  8:40  Extractor  
  51  8:43  Zergling x4  
  51  8:44  Zergling x2  
  54  8:58  Hatchery  
  49  9:06  Drone x7  
  49  9:09  Extractor  
  54  9:10  Extractor  
  54  9:12  Drone x2  
  55  9:31  Zergling x6  
  51  9:57  Spore Crawler  
  51  9:58  Spire  
  48  10:06  Spore Crawler  
  44  10:12  Queen, Spore Crawler, Spine Crawler  
  44  10:13  Spore Crawler  
  40  10:17  Queen  
  42  10:22  Spore Crawler  
  40  10:34  Queen  
  39  10:37  Drone x2  
  39  10:38  Drone x2  
  39  10:44  Drone x2  
  39  10:45  Drone x6  
  39  10:48  Queen, Drone x4  
  51  10:53  Queen  
  53  10:58  Zergling x6  
  53  10:59  Spore Crawler  
  55  11:21  Zergling x6  
  55  11:22  Overlord  
  55  11:24  Overlord  
  58  11:26  Spore Crawler  
  57  11:41  Mutalisk x4  
  57  11:42  Mutalisk x2  
  57  11:46  Mutalisk  
  70  11:53  Mutalisk  
  72  12:08  Overlord x3  
  72  12:11  Zerg Flyer Armor Level 1  
  71  12:30  Mutalisk x2  
  71  12:34  Extractor  
  73  12:37  Extractor  
  73  12:41  Mutalisk  
  74  13:04  Mutalisk x3  
  80  13:09  Zergling x18  
  81  13:26  Drone x3  
  84  13:28  Drone x4  
  88  13:40  Drone  
  88  13:41  Drone  
  90  13:43  Overlord  
  88  13:53  Mutalisk  
  88  14:07  Mutalisk x4  
  88  14:08  Mutalisk  
  92  14:20  Mutalisk x3  
  92  14:23  Mutalisk  
  93  14:36  Mutalisk  
  94  14:43  Drone x4  
  98  14:54  Overlord x2  
  98  15:01  Hatchery  
  94  15:14  Mutalisk x3  
  94  15:15  Mutalisk x3  
  106  15:33  Overlord  
  106  15:34  Overlord x2  
  106  15:36  Zerg Flyer Armor Level 2  
  106  15:48  Mutalisk  
  102  16:04  Mutalisk x3  
  102  16:25  Mutalisk x3  
  85  16:39  Mutalisk x2  
  77  16:48  Mutalisk  
  71  16:55  Zergling x18  
  71  16:56  Zergling x28  
  77  17:01  Mutalisk x2  
  77  17:11  Mutalisk  
  78  17:20  Mutalisk  
  78  17:35  Mutalisk  
  77  17:38  Queen  
  77  17:39  Extractor  
  77  17:41  Extractor, Drone x2  
  77  17:42  Drone  
  76  17:50  Mutalisk  
  73  18:03  Mutalisk x2  
  77  18:09  Drone  
  77  18:10  Drone x2  
  67  18:28  Spore Crawler  
  67  18:33  Mutalisk x2  
  59  18:41  Drone x3  
  59  18:45  Mutalisk  
  62  18:53  Mutalisk  
  59  19:07  Mutalisk  
  59  19:08  Mutalisk  
  58  19:22  Mutalisk  
  58  19:23  Mutalisk  
Tags
 
Add a new tag
Caveats
  • Supply blocks, unpowered buildings, or Contaminate may cause inaccurate times.
  • Supply counts are checked every 10 seconds.